Map: Oxide LE

Players

locknloaded

  • Race: Terran Terran
  • Spawn Location: 1:00

ViBE - Winner!

  • Race: Protoss Protoss
  • League: Silver
  • Spawn Location: 7:00

VOD

https://www.youtube.com/watch?v=VjhJ7E-kFgw&list=PLFeZeom2b4DnD3FIu7pzkXl51JX_WWz2h&index=2

Description

Time

  • Played on: March 11, 2021, 7:56 p.m.
  • Length: 13:56
Show
View Real Time Build Order
Export as new Build Order

locknloaded Terran 

Build Orders:  

Get SALT Encoding   

  12  0:00  SCV  
  13  0:12  SCV  
  14  0:19  Supply Depot  
  14  0:24  SCV  
  15  0:40  SCV  
  16  0:44  Barracks  
  16  0:50  Refinery  
  16  0:52  SCV  
  17  1:04  SCV  
  18  1:16  SCV  
  19  1:19  Engineering Bay  
  19  1:25  Refinery  
  19  1:29  SCV  
  20  1:34  Marine  
  21  1:41  SCV  
  22  1:53  SCV  
  23  1:59  Supply Depot  
  23  2:00  Supply Depot  
  23  2:20  Marine  
  24  2:36  Factory  
  24  2:38  Marine  
  24  2:43  Terran Infantry Armor Level 1  
  25  2:56  Marine  
  25  2:58  Orbital Command  
  26  3:08  Ghost Academy  
  26  3:13  Marine  
  27  3:21  Factory Tech Lab  
  27  3:30  Engineering Bay  
  27  3:35  Barracks Tech Lab  
  27  3:40  Personal Cloaking  
  27  3:45  Siege Tank  
  32  4:12  Marauder  
  32  4:17  Siege Tank  
  32  4:21  Terran Infantry Weapons Level 1  
  35  4:33  Marauder  
  37  4:43  Supply Depot  
  37  4:45  Supply Depot  
  37  4:50  Siege Tank  
  40  4:55  Marauder  
  42  5:15  Command Center  
  42  5:17  SCV  
  42  5:20  Refinery  
  43  5:24  Hi-Sec Auto Tracking  
  43  5:29  SCV, Concussive Shells  
  44  5:39  Marine  
  44  5:41  SCV  
  46  5:51  Refinery  
  46  5:53  SCV  
  46  5:56  Marine, Supply Depot  
  48  6:04  Supply Depot  
  48  6:16  Combat Shield  
  48  6:32  SCV  
  49  6:42  SCV  
  49  6:44  SCV  
  51  6:54  SCV  
  51  6:56  SCV  
  51  6:58  Neosteel Armor  
  53  7:04  Nuke  
  53  7:06  SCV  
  54  7:08  SCV  
  55  7:18  SCV  
  55  7:21  SCV  
  57  7:29  Armory  
  57  7:35  Missile Turret  
  57  7:39  Missile Turret  
  57  7:48  Missile Turret  
  57  7:49  SCV  
  58  7:51  SCV  
  59  8:01  SCV  
  59  8:03  SCV  
  61  8:13  SCV, Infernal Pre-Igniter  
  61  8:15  SCV  
  63  8:24  Missile Turret  
  63  8:28  Missile Turret  
  63  8:32  Missile Turret  
  63  8:37  Terran Infantry Weapons Level 2  
  63  8:39  Terran Infantry Armor Level 2  
  63  8:44  Terran Vehicle Weapons Level 1  
  63  8:52  Starport  
  63  8:57  Starport  
  63  9:00  Missile Turret  
  63  9:01  Planetary Fortress  
  63  9:30  Armory  
  63  9:32  Mag-Field Accelerator  
  63  9:40  Starport Tech Lab  
  63  9:42  Starport Tech Lab  
  63  9:49  Fusion Core  
  63  9:51  Missile Turret  
  63  9:52  Siege Tank  
  66  10:02  Cloaking Field  
  66  10:06  Corvid Reactor  
  66  10:24  Siege Tank  
  69  10:32  Missile Turret  
  69  10:38  Terran Vehicle And Ship Armor Level 1  
  69  10:42  Armory  
  69  10:56  Siege Tank  
  72  11:02  Missile Turret  
  72  11:20  Battlecruiser  
  74  11:28  Siege Tank  
  56  11:52  Marine  
  48  12:01  Siege Tank  
  43  12:10  Marine  
  40  12:28  Marine  
Show
View Real Time Build Order
Export as new Build Order

ViBE Protoss - Winner!

Build Orders: 1 Gate Expand 

Get SALT Encoding   

  12  0:00  Probe  
  13  0:13  Probe  
  14  0:22  Pylon  
  14  0:27  Probe  
  15  0:40  Probe  
  16  0:45  Gateway  
  16  0:52  Probe  
  16  0:56  Assimilator  
  17  1:04  Probe  
  18  1:17  Probe  
  19  1:23  Nexus  
  19  1:29  Probe  
  20  1:42  Cybernetics Core  
  20  1:44  Probe  
  21  1:48  Assimilator  
  21  1:53  Pylon  
  21  1:57  Probe  
  22  2:09  Probe  
  23  2:21  Probe  
  24  2:25  Warp Gate  
  24  2:27  Stalker  
  26  2:57  Stalker  
  28  3:01  Probe  
  28  3:02  Probe  
  30  3:08  Robotics Facility  
  30  3:11  Gateway  
  30  3:20  Probe (Chrono Boost)  
  30  3:22  Probe (Chrono Boost)  
  32  3:33  Probe (Chrono Boost)  
  34  3:34  Probe (Chrono Boost)  
  34  3:39  Pylon, Probe x2 (Chrono Boost)  
  36  3:58  Probe x2  
  36  4:00  Stalker x2  
  42  4:04  Immortal  
  46  4:10  Probe x2  
  48  4:30  Probe x2  
  50  4:43  Nexus  
  50  4:45  Pylon  
  50  4:52  Probe  
  51  4:53  Probe  
  52  5:03  Stalker  
  52  5:04  Stalker  
  52  5:06  Immortal  
  60  5:07  Probe  
  60  5:08  Probe  
  60  5:13  Assimilator  
  62  5:15  Assimilator  
  62  5:17  Pylon  
  62  5:18  Pylon  
  62  5:19  Pylon  
  62  5:21  Pylon  
  62  5:24  Pylon  
  62  5:35  Probe x2  
  64  5:40  Stalker  
  64  5:41  Stalker  
  68  5:47  Probe x2  
  70  5:59  Probe x2  
  70  6:00  Probe  
  70  6:02  Immortal  
  77  6:04  Stalker x2  
  77  6:11  Probe x2  
  82  6:12  Probe  
  82  6:16  Gateway  
  82  6:17  Gateway  
  84  6:21  Pylon  
  84  6:25  Pylon, Probe x3  
  87  6:52  Stalker  
  87  6:53  Stalker  
  91  6:55  Immortal  
  91  6:56  Probe x2  
  91  6:57  Probe  
  98  7:14  Nexus, Pylon  
  98  7:16  Stalker x2  
  98  7:17  Stalker  
  98  7:18  Pylon, Stalker  
  106  7:30  Gateway  
  106  7:33  Gateway  
  106  7:34  Immortal  
  106  7:35  Twilight Council  
  110  7:39  Forge  
  110  7:54  Probe x2  
  110  7:55  Probe  
  110  7:58  Assimilator  
  113  8:01  Stalker x2  
  113  8:02  Assimilator, Stalker  
  113  8:03  Stalker  
  121  8:08  Probe  
  121  8:09  Probe x2  
  124  8:13  Protoss Ground Weapons Level 1  
  124  8:14  Pylon  
  124  8:24  Pylon  
  124  8:25  Pylon  
  124  8:26  Probe  
  125  8:27  Pylon, Probe  
  125  8:28  Probe x2  
  128  8:35  Stalker  
  128  8:36  Stalker  
  128  8:37  Stalker  
  128  8:38  Stalker x2  
  128  8:39  Stalker  
  128  8:41  Immortal  
  144  8:56  Probe x2  
  144  8:57  Probe x2  
  148  9:11  Probe  
  148  9:12  Probe x2  
  148  9:13  Nexus, Probe  
  148  9:14  Pylon  
  148  9:16  Stalker x2  
  156  9:17  Stalker  
  156  9:18  Stalker x2  
  156  9:19  Stalker  
  156  9:22  Immortal  
  168  9:43  Stalker x2  
  168  9:44  Stalker x2  
  168  9:45  Stalker  
  178  9:46  Stalker  
  178  9:48  Probe  
  178  9:49  Probe x3  
  184  10:00  Probe  
  184  10:01  Probe x3, Immortal  
  184  10:03  Gateway  
  192  10:22  Probe  
  192  10:27  Assimilator x2  
  193  10:42  Protoss Ground Weapons Level 2 (Chrono Boost)  
  189  11:06  Gateway  
  189  11:08  Gateway  
  189  11:10  Nexus, Gateway  
  189  11:12  Pylon, Gateway  
  189  11:15  Gateway  
  189  11:16  Gateway  
  189  11:18  Gateway  
  183  11:20  Gateway  
  183  11:21  Gateway  
  163  11:26  Gateway  
  163  11:27  Gateway  
  163  11:29  Gateway  
  147  11:35  Gateway  
  147  11:37  Gateway  
  131  11:40  Gateway  
  131  11:42  Gateway  
  131  11:45  Gateway  
  131  11:46  Gateway  
  127  11:49  Robotics Facility  
  123  12:02  Stalker  
  123  12:03  Stalker  
  123  12:06  Pylon  
  127  12:11  Pylon, Stalker  
  127  12:12  Stalker x2  
  127  12:13  Stalker  
  127  12:14  Stalker x2  
  127  12:15  Stalker  
  139  12:17  Stalker x2  
  139  12:18  Stalker x2  
  139  12:19  Stalker  
  139  12:20  Stalker x2  
  139  12:21  Stalker  
  139  12:22  Stalker  
  157  12:24  Stalker  
  157  12:54  Stalker x2  
  157  13:21  Stalker x2  
  157  13:53  Stalker  
Tags
 
League
Silver
Matchup
PvT
Player
ViBE
Replay Pack
Bronze_League
Spawn Locations
Cross Positions
Add a new tag
Caveats
  • Supply blocks, unpowered buildings, or Contaminate may cause inaccurate times.
  • Supply counts are checked every 10 seconds.